 Dungeon Crawl Stone Soup version 0.24.0-3-g28a8eb0610 (webtiles) character file.

Game seed: 14905073036079031103, levelgen mode: deterministic

1971 Iskender the Sneak (level 9, 0/56 HPs)
             Began as an Octopode Chaos Knight on Nov 1, 2019.
             Was a Plaything of Xom.
             Succumbed to a killer bee's poison
             ... on level 7 of the Dungeon.
             The game lasted 01:03:25 (8490 turns).

Iskender the Sneak (Octopode Chaos Knight)          Turns: 8490, Time: 01:03:26

Health: 0/56       AC:  1    Str: 17    XL:     9   Next: 20%
Magic:  9/10       EV: 23    Int: 17    God:    Xom [..*...]
Gold:   361        SH:  0    Dex: 16    Spells: 0/10 levels left

rFire    . . .     SeeInvis .   a - +2 whip (freeze)
rCold    . . .     Gourm    .   (no shield)
rNeg     + . .     Faith    .   (helmet restricted)
rPois    .         Spirit   .   (no amulet)
rElec    .         Reflect  .   B - ring of protection from magic
rCorr    .         Harm     .   G - ring of positive energy
MR       +....                  x - ring of flight
Stlth    ++++++....             (no ring)
HPRegen  0.18/turn              (no ring)
MPRegen  0.12/turn              (no ring)
                                (no ring)
                                (no ring)

@: mighty, agile, lethally poisoned (0 -> -2)
A: almost no armour, stealthy swim, amphibious, 8 rings, constrict 8, camouflage
1, gelatinous body 1
a: Renounce Religion, Evoke Flight


You were on level 7 of the Dungeon.
You worshipped Xom.
You were a toy of Xom.
You were not hungry.

You visited 1 branch of the dungeon, and saw 7 of its levels.

You collected 361 gold pieces.

Inventory:

Hand Weapons
 a - a +2 whip of freezing (weapon)
 b - a +0 arbalest
 s - a +0 hunting sling
 C - a +4 club
Missiles
 g - 170 stones
 i - 7 boomerangs (quivered)
 l - 44 sling bullets
 y - 10 bolts
 D - 5 javelins
 F - 16 poisoned darts
Jewellery
 f - an uncursed ring of fire
 x - a ring of flight (on tentacle)
 A - an uncursed amulet of faith
 B - a ring of protection from magic (left tentacle)
 G - a ring of positive energy (right tentacle)
Wands
 h - a wand of flame (14)
 v - a wand of iceblast (19)
 z - a wand of clouds (5)
 E - a wand of disintegration (16)
Scrolls
 c - 2 scrolls of immolation
 j - a scroll of teleportation
 m - 3 scrolls of amnesia
 n - a scroll of identify
 p - a scroll of fog
 t - 2 scrolls of enchant weapon
 M - a scroll of remove curse
Potions
 e - 2 potions of flight
 L - a potion of haste
Comestibles
 r - 11 rations


   Skills:
 - Level 3.0 Fighting
   Level 3.0 Polearms
 - Level 7.0 Dodging
 - Level 7.7 Stealth
 + Level 1.2 Spellcasting
 + Level 2.6 Conjurations
 + Level 1.3 Necromancy
 - Level 6.8 Ice Magic


You couldn't memorise any spells.
You knew the following spells:

 Your Spells              Type           Power        Failure   Level  Hunger
a - Freeze                Ice            ###.         1%          1    ##.....
b - Throw Frost           Conj/Ice       ###...       4%          2    ###....
c - Regeneration          Chrm/Necr      #.........   43%         3    ####...
n - Animate Skeleton      Necr           N/A          12%         1    ##.....
o - Ozocubu's Armour      Chrm/Ice       ##......     16%         3    ####...

Your spell library contained the following spells:

 Spells                   Type           Power        Failure   Level  Hunger
 Pain                     Necr           #...         12%         1    ##.....
 Throw Icicle             Conj/Ice       ###.....     30%         4    #####..
 Vampiric Draining        Necr           #.........   36%         3    ####...
 Summon Ice Beast         Ice/Summ       ##......     45%         4    #####..
 Animate Dead             Necr           N/A          77%         4    #####..


Dungeon Overview and Level Annotations

Branches:
Dungeon (7/15)             Temple (0/1) D:6

Altars:
Ashenzari
Fedhas
Kikubaaqudgha
Makhleb
Nemelex Xobeh
Qazlal
Sif Muna
Vehumet
Wu Jian
Xom
Yredelemnul

Shops:
D:7 (


Innate Abilities, Weirdness & Mutations

You cannot wear most types of armour.
You are very stealthy in the water. (Stealth+)
You are amphibious.
You can wear up to eight rings at the same time.
You can use your tentacles to constrict eight enemies at once.
Your skin changes colour to match your surroundings (Stealth+).
Your rubbery body absorbs attacks. (AC +1, EV +1)


Message History

The killer bee poisons you! The killer bee closely misses you.
* * * LOW HITPOINT WARNING * * *
You feel sick.
You kill the killer bee!
Okay, then.
Okay, then.
* * * LOW HITPOINT WARNING * * *
You feel sick.
* * * LOW HITPOINT WARNING * * *
You feel sick.
You feel very mighty all of a sudden.
You feel agile all of a sudden.
* * * LOW HITPOINT WARNING * * *
You feel sick.
* * * LOW HITPOINT WARNING * * *
You feel sick.
* * * LOW HITPOINT WARNING * * *
You feel sick.
You die...
Xom thinks this is hilarious!

######## ###
#......####.####
#.####.#.#......
#.#..........###
#####.#........#.#
#............<...#
#..@#.####.#.#####
#...#.# #.#.#
####...#.####.#.#
#.............#'##
#.........####...#*
#.........#*#.....#
#.......####.......#*
#.##....###.........###
#.#.......'.........'..


There were no monsters in sight!

Vanquished Creatures
  3 hogs (D:7)
  A human (D:7)
  A phantom (D:5)
  An ogre (D:4)
  A centaur (D:7)
  A bullfrog (D:6)
  2 scorpions
  5 killer bees (D:7)
  2 crimson imps (D:7)
  A quasit (D:6)
  2 jellies
  5 orc priests
  A hound (D:7)
  An orc wizard (D:7)
  A bullfrog skeleton (D:5)
  Jessica (D:3)
  A centaur skeleton (D:7)
  5 worker ants
  A hound skeleton (D:4)
  4 adders
  A shadow imp (D:5)
  An adder skeleton (D:7)
  A worm (D:3)
  2 dart slugs
  8 leopard geckos
  20 orcs
  9 giant cockroaches
  6 goblins
  4 hobgoblins
  5 jackals
  6 kobolds
  4 quokkas
  12 bats
  7 frilled lizards
  A leopard gecko skeleton (D:7)
  9 rats
  A spectral orc (D:6)
  A plant (D:4)
138 creatures vanquished.

Vanquished Creatures (collateral kills)
  A centaur skeleton (D:6)
1 creature vanquished.

Vanquished Creatures (others)
  An adder skeleton (D:6)
  A plant (D:4)
2 creatures vanquished.

Grand Total: 141 creatures vanquished

Notes
Turn   | Place    | Note
-------+----------+-------------------------------------------
     0 | D:1      | Iskender the Octopode Chaos Knight began the quest for the
                  | Orb.
     0 | D:1      | Reached XP level 1. HP: 16/16 MP: 1/1
    33 | D:1      | XOM: divination: detect items
    41 | D:1      | Reached skill level 1 in Stealth
    91 | D:1      | XOM: harmless Chrm miscast
    92 | D:1      | Reached XP level 2. HP: 21/21 MP: 2/2
   205 | D:1      | XOM: silly message
   341 | D:1      | XOM: divination: detect creatures
   466 | D:1      | XOM: silly message
   529 | D:1      | Reached XP level 3. HP: 26/26 MP: 3/3
   831 | D:2      | XOM: medium Conj miscast
   873 | D:2      | XOM: harmless Pois miscast
  1058 | D:2      | XOM: mild Ice miscast
  1383 | D:2      | XOM is BORED!
  1440 | D:2      | XOM: summons 1 hostile demon
  1640 | D:2      | Reached XP level 4. HP: 31/31 MP: 4/4
  1823 | D:3      | Noticed Jessica
  1952 | D:3      | XOM: mild Air miscast
  1997 | D:3      | XOM: 3-stop teleportation journey
  2245 | D:3      | Found an ancient bone altar of Kikubaaqudgha.
  2594 | D:3      | Found a shattered altar of Ashenzari.
  2677 | D:3      | XOM: summons 1 hostile demon
  2763 | D:4      | Reached XP level 5. HP: 36/36 MP: 5/5
  2927 | D:4      | XOM: scenery: create altars
  2939 | D:4      | Noticed an ogre
  3245 | D:4      | XOM: confuse monster(s)
  3342 | D:4      | XOM: blink monster(s)
  3347 | D:4      | Killed an ogre
  3347 | D:4      | Reached skill level 5 in Dodging
  3347 | D:4      | Reached XP level 6. HP: 20/42 MP: 6/6
  3693 | D:4      | XOM: god gift: 49 gold pieces
  3747 | D:5      | Entered Level 5 of the Dungeon
  3785 | D:5      | Noticed a phantom
  3798 | D:5      | XOM: cast spell 'Metabolic Englaciation'
  3805 | D:5      | XOM: smoke on damage
  3807 | D:5      | XOM: summons 2 friendly demons
  4173 | D:5      | Found a shimmering altar of Xom.
  4268 | D:5      | XOM: scenery: 1 doors open
  4417 | D:5      | Found a shimmering altar of Xom.
  4417 | D:5      | Found an ornate altar of the Wu Jian Council.
  4488 | D:5      | Found a burning altar of Makhleb.
  4488 | D:5      | Found a blossoming altar of Fedhas.
  4488 | D:5      | Found a radiant altar of Vehumet.
  4519 | D:5      | XOM: cloud trail
  4554 | D:5      | XOM: fake destruction
  4591 | D:5      | Killed a phantom
  4591 | D:5      | Reached XP level 7. HP: 26/46 MP: 7/7
  4923 | D:5      | Found a stormy altar of Qazlal.
  4930 | D:5      | XOM: divination: magic mapping
  5087 | D:5      | Found a shimmering blue altar of Sif Muna.
  5166 | D:6      | XOM: smoke on damage
  5167 | D:6      | Reached skill level 5 in Stealth
  5412 | D:6      | Found a staircase to the Ecumenical Temple.
  5477 | D:6      | XOM: divine lightning
  5574 | D:3      | Killed Jessica
  5720 | D:6      | Found a sparkling altar of Nemelex Xobeh.
  5815 | D:6      | Found a basalt altar of Yredelemnul.
  5867 | D:6      | XOM: summons 2 friendly demons
  6111 | D:6      | Learned a level 1 spell: Freeze
  6114 | D:6      | Learned a level 2 spell: Throw Frost
  6124 | D:6      | XOM: enchant monster (good)
  6161 | D:6      | XOM: harmless Summ miscast
  6182 | D:6      | XOM: enchant monster (good)
  6202 | D:5      | Found an ornate altar of the Wu Jian Council.
  6555 | D:5      | XOM: stat loss: -1 Int (15/16)
  6627 | D:6      | Reached XP level 8. HP: 36/52 MP: 8/8
  6847 | D:6      | XOM: stat loss: -1 Int (14/16)
  7037 | D:7      | XOM: mild Hex miscast
  7054 | D:7      | Reached skill level 1 in Conjurations
  7054 | D:7      | Reached skill level 1 in Ice Magic
  7332 | D:7      | Found Ymuuhuah's Weapon Shoppe.
  7335 | D:7      | XOM: draining
  7362 | D:7      | Identified the cursed +1 robe of Articulation {Str+4}
  8104 | D:7      | XOM: blink monster(s)
  8106 | D:7      | XOM: noise
  8115 | D:7      | Reached skill level 5 in Ice Magic
  8115 | D:7      | XOM: divination: magic mapping
  8116 | D:7      | XOM: butterfly on damage
  8116 | D:7      | XOM: smoke on damage
  8120 | D:7      | HP: 1/52 [hog (6)]
  8137 | D:7      | XOM: cast spell 'Olgreb's Toxic Radiance'
  8138 | D:7      | Reached XP level 9. HP: 17/56 MP: 9/9
  8348 | D:7      | XOM: god gift: book of Necromancy
  8354 | D:7      | Learned a level 3 spell: Regeneration
  8356 | D:7      | Learned a level 1 spell: Animate Skeleton
  8469 | D:7      | Reached skill level 1 in Necromancy
  8470 | D:7      | Reached skill level 1 in Spellcasting
  8475 | D:7      | Learned a level 3 spell: Ozocubu's Armour
  8482 | D:7      | HP: 2/56 [poisoned by a killer bee]
  8488 | D:7      | HP: 1/56 [poisoned by a killer bee]
  8490 | D:7      | Succumbed to a killer bee's poison

Levels and vault maps discovered:
D:1:      dpeg_arrival_shelter, layout_basic
D:2:      layout_basic, minmay_close_crescents
D:3:      layout_loops_cross, lemuel_round_altar, marbit_many_paths,
          uniq_jessica
D:4:      layout_rooms, first_ration, serial_bayou, serial_bayou_crossing,
          serial_bayou_pond_e, serial_bayou_lagoon_a, serial_bayou_pond_a,
          serial_bayou_lake_a
D:5:      layout_loops_ring, nicolae_overflow_hidden_temple,
          nicolae_overflow_crystal_walls, doesnt_xom_only_xom, led_sif_pool
D:6:      layout_basic, kennysheep_mini, yredelemnul_forgotten_temple_becter,
          minmay_temple_entry_large_hall, moated_statue,
          nicolae_underground_beach
D:7:      layout_loops_corners, serial_shops, shop, grunt_livestock

Skill      XL: |  1  2  3  4  5  6  7  8  9 |
---------------+----------------------------+-----
Stealth        | 2 3 4 7 |  7.7
Dodging        | 4 5 7 |  7.0
Conjurations   | 2 |  2.6
Ice Magic      | 6 |  6.8
Necromancy     | 1 |  1.3
Spellcasting   | 1 |  1.2
Fighting       | |  3.0
Polearms       | |  3.0

Action                   |  1- 3 |  4- 6 |  7- 9 || total
-------------------------+-------+-------+-------++-------
Melee: Spear             |    40 |       |       ||    40
       Constrict         |    12 |    20 |    23 ||    55
       Whip              |    27 |   113 |   102 ||   242
       Tentacles         |     7 |    15 |    22 ||    44
       Club              |       |       |     4 ||     4
 Fire: Hunting sling     |    14 |    55 |     8 ||    77
       Arbalest          |       |    19 |    30 ||    49
Throw: Boomerang         |     7 |    11 |     6 ||    24
 Cast: Freeze            |       |       |    12 ||    12
       Throw Frost       |       |       |     2 ||     2
Evoke: Wand              |       |       |     4 ||     4
  Use: Scroll            |     3 |     4 |     6 ||    13
       Potion            |     1 |     2 |     8 ||    11
 Stab: Sleeping          |    14 |    13 |     2 ||    29
  Eat: Chunk             |     2 |     5 |     3 ||    10
       Ration            |       |     1 |     4 ||     5
Armor: Skin              |     1 |     8 |     6 ||    15
Dodge: Dodged            |    27 |    66 |    96 ||   189
